 Dungeon Crawl Stone Soup version 0.14.1-26-g5a19342 (webtiles) character file.

2657 Kae the Conjurer (level 9, -10/45 HPs)
             Began as a Tengu Fire Elementalist on July 23, 2014.
             Mangled by an ogre
             ... wielding a +0,+0 giant club
              (31 damage)
             ... on Level 7 of the Dungeon.
             The game lasted 00:12:30 (7575 turns).

Kae the Conjurer (Tengu Fire Elementalist)          Turns: 7575, Time: 00:12:30

HP -10/45        AC  5     Str  8      XL: 9   Next: 43%
MP  16/23        EV 12     Int 19      God:
Gold 309         SH  0     Dex 15      Spells:  5 memorised,  3 levels left

rFire  + + .     SeeInvis .     b - +4,+3 falchion (freeze)
rCold  x . .     Clarity  .     k - +0 robe
rNeg   . . .     Conserve .     (no shield)
rPois  .         rCorr    .     (helmet restricted)
rElec  .         rRot     .     (no cloak)
SustAb . .       Spirit   .     w - +2 pair of gloves
rMut   .         Warding  .     (boots unavailable)
Saprov . . .     Stasis   .     (no amulet)
MR     .....                    p - ring of protection from fire
                                j - ring of fire

@: not resistant to hostile enchantments, fairly stealthy
A: able to fly, beak, talons 3
a: Fly


You were on level 7 of the Dungeon.
You were very hungry.

You visited 1 branch of the dungeon, and saw 7 of its levels.

You collected 309 gold pieces.

Inventory:

Hand weapons
 a - a cursed +1,+0 mace
 b - a +4,+3 falchion of freezing (weapon)
Armour
 k - a +0 robe (worn)
 w - a +2 pair of gloves (worn)
Magical devices
 y - a wand of fireball (2) {unknown}
Comestibles
 c - 3 bread rations
 g - 2 meat rations
 r - a lychee
 s - an apple
 x - 2 chokos
 A - a cheese
Scrolls
 d - 9 scrolls of identify
 e - 2 scrolls of enchant armour
 q - 4 scrolls of remove curse
 u - 2 scrolls of teleportation
 D - a scroll of recharging
 E - a scroll of fog {unknown}
 H - a scroll of enchant weapon II {unknown}
 I - a scroll of amnesia {unknown}
Jewellery
 h - an uncursed ring of ice
 j - a ring of fire (left hand)
 p - a ring of protection from fire (right hand)
 F - an uncursed ring of fire
 G - an uncursed ring of see invisible {unknown}
Potions
 f - 3 potions of resistance
 i - 3 potions of restore abilities
 m - 2 potions of curing
 n - 2 potions of heal wounds
 o - a potion of agility
 t - 2 potions of might
 z - a potion of degeneration
 B - a potion of haste {unknown}
Books
 v - a Grand Grimoire {highlevel, unknown}

   This book is beyond your current level of understanding.

   Spells                             Type                      Level
   Aura of Abjuration                 Summoning                    6
   Forceful Dismissal                 Summoning                    6
   Haunt                              Necromancy/Summoning         7
   Summon Greater Demon               Summoning                    7
   Malign Gateway                     Summoning/Translocation      7
   Summon Horrible Things             Summoning                    8
 C - a book of Flames

   Spells                             Type                      Level
   *Flame Tongue                      Conjuration/Fire             1
   *Throw Flame                       Conjuration/Fire             2
   *Conjure Flame                     Conjuration/Fire             3
   Inner Flame                        Hexes/Fire                   3
   *Sticky Flame                      Conjuration/Fire             4
   *Fireball                          Conjuration/Fire             5


   Skills:
 - Level 2.1 Dodging
 - Level 2.0 Stealth
 + Level 5.3 Spellcasting
 * Level 10.1 Conjurations
 * Level 9.3 Fire Magic


You had 3 spell levels left.
You knew the following spells:

 Your Spells              Type           Power        Failure   Level  Hunger
a - Flame Tongue          Conj/Fire      #####        1%          1    None
b - Throw Flame           Conj/Fire      ######       1%          2    None
c - Conjure Flame         Conj/Fire      ######..     1%          3    ##.....
d - Sticky Flame          Conj/Fire      ######..     1%          4    ####...
e - Fireball              Conj/Fire      ######....   8%          5    #####..


Dungeon Overview and Level Annotations

Branches:
Dungeon (7/15)             Temple (0/1) D:7

Altars:
Ashenzari
Makhleb
Xom


Innate Abilities, Weirdness & Mutations

You can fly.
You have a beak for a mouth.
You have claws for feet.


Message History

The crocodile skeleton closely misses you.
A worm comes into view.
You hit the crocodile skeleton.
You destroy the crocodile skeleton!
The ogre hits you with a giant club!
An orc comes into view.
Casting: Flame Tongue
Confirm with . or Enter, or press ? or * to list all spells.
Aiming: Sticky Flame
Press: ? - help, Shift-Dir - straight line, f - ogre
Aim: an ogre, wielding a giant club You feel a surge of power!
The sticky flame hits the ogre.
The ogre is moderately wounded.
The ogre is covered in liquid flames!
You are feeling very hungry.
The ogre burns!
A centaur comes into view.
The ogre burns!
The ogre hits you with a giant club!
Ouch! That really hurt!
You die...

. #### .. ....
#.. ...#
..#..###...####
............%..
#............
#...........
#..@...o.co.
#(.O.....w..
###.####... #.#
. #.. #.. #.P
#..> #.P


You could see a worm, an ogre (burning), a centaur (wandering) and 2 orcs.

Vanquished Creatures
  Pikel (D:4)
  Eustachio (D:4)
  Edmund (D:4)
  Menkaure (D:6)
  A sky beast (D:5)
  A slave (D:4)
  3 ogres
  A phantom (D:4)
  4 giant frogs
  3 orc priests
  A crimson imp (D:5)
  2 hounds
  7 orc wizards
  2 iguanas (D:5)
  5 worker ants
  A crocodile skeleton (D:7)
  12 adders
  A giant mite (D:2)
  A shadow imp (D:5)
  A worm (D:3)
  4 giant geckos
  2 oozes
  24 orcs
  13 bats
  6 giant cockroaches
  11 goblins
  12 hobgoblins
  4 jackals
  2 ball pythons (D:1)
  7 giant newts
  A goblin skeleton (D:5)
  A hobgoblin skeleton (D:4)
  A hobgoblin zombie (D:5)
  A jackal skeleton (D:4)
  20 kobolds
  2 orc skeletons
  18 rats
179 creatures vanquished.

Vanquished Creatures (others)
  An ogre skeleton (D:4)
  A shadow imp (D:4)
2 creatures vanquished.

Grand Total: 181 creatures vanquished

Notes
Turn   | Place    | Note
--------------------------------------------------------------
     0 | D:1      | Kae, the Tengu Fire Elementalist, began the quest for the Orb.
     0 | D:1      | Reached XP level 1. HP: 10/10 MP: 3/3
   246 | D:1      | Reached XP level 2. HP: 10/15 MP: 0/5
   872 | D:1      | Reached XP level 3. HP: 11/19 MP: 7/7
  1082 | D:1      | Reached skill level 4 in Fire Magic
  1435 | D:2      | Reached XP level 4. HP: 24/24 MP: 5/8
  1998 | D:2      | HP: 1/24 [poisoned by an adder]
  2307 | D:2      | Found a shimmering altar of Xom.
  2545 | D:3      | Learned a level 2 spell: Throw Flame
  2549 | D:3      | Learned a level 3 spell: Conjure Flame
  2659 | D:3      | Reached XP level 5. HP: 24/28 MP: 2/11
  3037 | D:3      | Reached skill level 5 in Fire Magic
  3259 | D:4      | Noticed an ogre
  3459 | D:4      | Noticed a phantom
  3474 | D:4      | Killed a phantom
  3474 | D:4      | Reached XP level 6. HP: 32/32 MP: 4/14
  3713 | D:4      | Noticed Pikel
  3714 | D:4      | Noticed a slave
  3714 | D:4      | Noticed a slave
  3714 | D:4      | Noticed a slave
  3714 | D:4      | Noticed a slave
  3719 | D:4      | Killed Pikel
  3719 | D:4      | Reached skill level 6 in Conjurations
  3719 | D:4      | Reached XP level 7. HP: 20/36 MP: 9/17
  3854 | D:4      | Killed a freed slave
  3995 | D:4      | Reached skill level 7 in Fire Magic
  4239 | D:4      | Reached XP level 8. HP: 41/41 MP: 15/19
  4331 | D:4      | Noticed Eustachio
  4338 | D:4      | Learned a level 4 spell: Sticky Flame
  4404 | D:4      | Killed Eustachio
  4495 | D:4      | Noticed an ogre
  4503 | D:4      | Killed an ogre
  4592 | D:4      | Killed an ogre
  4592 | D:4      | Reached skill level 8 in Conjurations
  4672 | D:4      | Noticed Edmund
  4677 | D:4      | Killed Edmund
  5129 | D:5      | Entered Level 5 of the Dungeon
  5623 | D:5      | Found a burning altar of Makhleb.
  5623 | D:5      | Found a shattered altar of Ashenzari.
  5625 | D:5      | Reached skill level 9 in Conjurations
  5648 | D:5      | Reached XP level 9. HP: 35/45 MP: 13/22
  6172 | D:5      | Reached skill level 5 in Spellcasting
  6541 | D:6      | Noticed Menkaure
  6743 | D:6      | Learned a level 5 spell: Fireball
  6767 | D:6      | Killed Menkaure
  7398 | D:6      | Reached skill level 10 in Conjurations
  7568 | D:7      | Found a staircase to the Ecumenical Temple.
  7575 | D:7      | Mangled by an ogre

Action                   |  1- 3 |  4- 6 |  7- 9 || total
-------------------------+-------+-------+-------++-------
Melee: Unarmed           |    32 |       |       ||    32
       Mace              |    25 |    39 |     6 ||    70
       Falchion          |       |       |    69 ||    69
 Cast: Flame Tongue      |    37 |    76 |   131 ||   244
       Conjure Flame     |       |     2 |     6 ||     8
       Throw Flame       |       |     2 |    26 ||    28
       Sticky Flame      |       |       |     4 ||     4
  Use: Scroll            |     2 |       |    12 ||    14
       Potion            |       |       |     2 ||     2
 Stab: Sleeping          |     2 |       |     4 ||     6
       Distracted        |       |       |     1 ||     1
